 Dungeon Crawl Stone Soup version 0.24.1-11-gbbbb2193e6 (webtiles) character file.

Game seed: 341787388685426190, levelgen mode: deterministic

468 Hugehornet the Changer (level 7, -8/43 HPs)
             Began as an Octopode Transmuter on May 12, 2020.
             Splashed by a jelly's acid (11 damage)
             ... on level 5 of the Dungeon.
             The game lasted 00:06:14 (5234 turns).

Hugehornet the Changer (Octopode Transmuter)        Turns: 5234, Time: 00:06:15

Health: -8/43      AC: -7    Str: 10    XL:     7   Next: 8%
Magic:  12/12      EV: 13    Int: 17    God:
Gold:   108        SH:  0    Dex: 12    Spells: 3/13 levels left

rFire    . . .     SeeInvis .     - Unarmed
rCold    . . .     Gourm    .   (no shield)
rNeg     . . .     Faith    .   (helmet restricted)
rPois    .         Spirit   .   (no amulet)
rElec    .         Reflect  .   (no ring)
rCorr    .         Harm     .   (no ring)
MR       .....                  (no ring)
Stlth    +++.......             (no ring)
HPRegen  0.14/turn              (no ring)
MPRegen  0.13/turn              (no ring)
                                (no ring)
                                (no ring)

@: appendage, corroded
A: almost no armour, stealthy swim, amphibious, 8 rings, constrict 8, tentacle
spike 3, camouflage 1, gelatinous body 1
a: End Transformation


You were on level 5 of the Dungeon.
You were not hungry.
One of your tentacles had a temporary spike.
You visited 2 branches of the dungeon, and saw 6 of its levels.

You collected 108 gold pieces.

Inventory:

Missiles
 a - 70 arrows
Wands
 e - a wand of polymorph (8)
 h - a wand of random effects (9)
Scrolls
 d - 2 scrolls of remove curse
 i - a scroll of identify {unknown}
 j - a scroll of immolation {unknown}
 l - a scroll of magic mapping {unknown}
Potions
 b - 2 potions of curing
 f - a potion of resistance {unknown}
 g - a potion of haste {unknown}
 k - a potion of agility
 m - a potion of degeneration {unknown}
Comestibles
 c - 4 rations


   Skills:
 - Level 1.0 Fighting
 - Level 2.0 Dodging
 - Level 1.2 Stealth
 + Level 4.0 Unarmed Combat
 + Level 3.5 Spellcasting
 * Level 4.2 Transmutations
 * Level 2.7 Ice Magic
 - Level 3.0 Poison Magic


You had 3 spell levels left.
You knew the following spells:

 Your Spells              Type           Power        Failure   Level  Hunger
a - Beastly Appendage     Tmut           ###...       3%          1    None
b - Sticks to Snakes      Tmut           ###.....     4%          2    ##.....
c - Spider Form           Tmut/Pois      ###.......   11%         3    ###....
d - Ice Form              Ice/Tmut       ##......     36%         4    ####...

Your spell library contained the following spells:

 Spells                   Type           Power        Failure   Level  Hunger
 Blade Hands              Tmut           ###.......   63%         5    ######.


Dungeon Overview and Level Annotations

Branches:
Dungeon (5/15)             Temple (1/1) D:4

Altars:
Ashenzari
Elyvilon
Fedhas
Gozag
Okawaru
Qazlal
Ru
Sif Muna
Trog
Xom
Yredelemnul
Zin
The Shining One


Innate Abilities, Weirdness & Mutations

You cannot wear most types of armour.
You are very stealthy in the water. (Stealth+)
You are amphibious.
You can wear up to eight rings at the same time.
You can use your tentacles to constrict eight enemies at once.
Your skin changes colour to match your surroundings (Stealth+).
Your rubbery body absorbs attacks. (AC +1, EV +1)
One of your tentacles bears a large vicious spike.


Message History

You completely miss the jelly.
The jelly is moderately wounded.
You tentacle-slap the jelly.
Your tentacles burn!
You squeeze the jelly.
The jelly is severely wounded.
The frilled lizard hisses angrily.
The jelly hits you. The acid corrodes you!
You are splashed with acid!
You tentacle-slap the jelly but do no damage.
Your tentacles burn!
* * * LOW HITPOINT WARNING * * *
The jelly is severely wounded.
The jelly hits you.
* * * LOW HITPOINT WARNING * * *
The acid corrodes you!
You are splashed with acid!
* * * LOW HITPOINT WARNING * * *
You barely miss the jelly.
You pierce the jelly.
The jelly is almost dead.
The jelly hits you.
* * * LOW HITPOINT WARNING * * *
You are splashed with acid!
You die...

... .(..
########....
#.#...........
.#.#...($......
...........!..#
....###J..$...#
....###@#
....###.+
.....#..####
..l..#..+..#
....._...<.#
.....#..####
.....#..#
....###..
....###..


You could see a jelly and a frilled lizard.

Vanquished Creatures
  A howler monkey (D:4)
  An orc priest (D:4)
  3 hounds (D:4)
  2 orc wizards (D:4)
  Crazy Yiuf (D:3)
  2 worker ants (D:4)
  A hound skeleton (D:4)
  7 adders
  An adder skeleton (D:4)
  3 worms
  2 dart slugs
  3 leopard geckos
  7 orcs
  4 ball pythons
  5 bats
  5 giant cockroaches
  9 goblins
  9 hobgoblins
  2 jackals (D:1)
  A quokka (D:2)
  4 frilled lizards
  6 kobolds
  A quokka skeleton (D:4)
  7 rats
  A fungus (D:3)
88 creatures vanquished.

Notes
Turn   | Place    | Note
-------+----------+-------------------------------------------
     0 | D:1      | Hugehornet the Octopode Transmuter began the quest for the
                  | Orb.
     0 | D:1      | Reached XP level 1. HP: 13/13 MP: 3/3
   336 | D:1      | Reached XP level 2. HP: 18/18 MP: 3/5
   553 | D:1      | Reached skill level 1 in Stealth
   683 | D:1      | Learned a level 2 spell: Sticks to Snakes
   805 | D:1      | Reached XP level 3. HP: 23/23 MP: 4/6
   810 | D:1      | Learned a level 3 spell: Spider Form
  1331 | D:2      | Reached skill level 1 in Poison Magic
  1746 | D:2      | Reached XP level 4. HP: 28/28 MP: 5/7
  1944 | D:2      | Found a bloodstained altar of Trog.
  3221 | D:3      | Found a runed translucent door.
  3222 | D:3      | Noticed Crazy Yiuf
  3234 | D:3      | Killed Crazy Yiuf
  3234 | D:3      | Reached XP level 5. HP: 7/33 MP: 5/9
  3411 | D:3      | Learned a level 4 spell: Ice Form
  3786 | D:4      | Found a stormy altar of Qazlal.
  3961 | D:4      | Found a blossoming altar of Fedhas.
  4065 | D:4      | Reached skill level 1 in Ice Magic
  4391 | D:4      | Reached XP level 6. HP: 38/38 MP: 6/10
  4769 | D:4      | Reached XP level 7. HP: 43/43 MP: 10/12
  4982 | D:4      | Found a staircase to the Ecumenical Temple.
  5027 | Temple   | Entered the Ecumenical Temple
  5221 | D:5      | Entered Level 5 of the Dungeon
  5221 | D:5      | Found a shattered altar of Ashenzari.
  5234 | D:5      | Splashed by a jelly's acid

Levels and vault maps discovered:
D:1:      minmay_arrival_four_circles, layout_basic, minmay_fountain_box,
          minmay_heptomino_l4
D:2:      layout_basic, bloody_trog
D:3:      layout_basic, first_ration, uniq_crazy_yiuf_cottage
D:4:      layout_loops_cross, grunt_temple_overflow_forces_of_nature,
          minmay_temple_entry_fiery
D:5:      layout_basic, cheibrodos_ashenzari_chains, overflow_temple_1_default,
          nemelex_altar_shiori, nicolae_overflow_crystal_walls,
          serial_co_window_serial, co_window_paths_b, co_window_cross_1,
          co_window_paths_a, co_window_paths_b, co_window_corner_a,
          co_window_corner_a, co_window_4corner_a, glass_columns_a,
          glass_columns_a, glass_columns_c, glass_columns_c, glass_columns_a,
          chequers_serial_rivers_marsh, serial_park_tiny_pond
Temple:   kb_temple_of_zot

Skill      XL: |  1  2  3  4  5  6 |
---------------+-------------------+-----
Stealth        | 1 |  1.2
Transmutations | 3 4 |  4.2
Poison Magic   | 1 3 |  3.0
Spellcasting   | 3 |  3.5
Ice Magic      | 1 2 |  2.7
Unarmed Combat | 4 |  4.0
Fighting       | |  1.0
Dodging        | |  2.0

Action                   |  1- 3 |  4- 6 |  7- 9 || total
-------------------------+-------+-------+-------++-------
Melee: Unarmed           |    84 |   134 |    17 ||   235
       Constrict         |    24 |    23 |     4 ||    51
       Kick              |    16 |    26 |     7 ||    49
       Punch             |     2 |     1 |       ||     3
       Tentacles         |    17 |    17 |     5 ||    39
 Cast: Beastly Appendage |    29 |    24 |     4 ||    57
       Spider Form       |       |     2 |       ||     2
  Use: Scroll            |       |     2 |       ||     2
       Potion            |       |     1 |       ||     1
 Stab: Sleeping          |     9 |     4 |       ||    13
  Eat: Chunk             |     3 |    10 |     1 ||    14
Armor: Skin              |     5 |     9 |     1 ||    15
Dodge: Dodged            |    52 |    66 |     8 ||   126
